 Dungeon Crawl Stone Soup version 0.29-a0-1014-ga8c0faee3b (webtiles) character file.

Game seed: 709496262939814707

97 BritishOli the Trooper (level 4, -4/36 HPs)
             Began as a Demonspawn Fighter on Aug 9, 2022.
             Slain by a gnoll
             ... wielding a +0 halberd
              (9 damage)
             ... on level 2 of the Dungeon.
             The game lasted 00:01:49 (1581 turns).

BritishOli the Trooper (Demonspawn Fighter)         Turns: 1581, Time: 00:01:50

Health: -4/36      AC:  6    Str: 19    XL:     4   Next: 42%
Magic:  0/4        EV:  9    Int:  9    God:
Gold:   52         SH:  4    Dex: 12    Spells: 3/3 levels left

rFire   . . .      SeeInvis .   a - +0 long sword
rCold   . . .      Faith    .   c - +0 buckler
rNeg    . . .      Spirit   +   b - +0 scale mail
rPois   .          Reflect  .   (no helmet)
rElec   .          Harm     .   (no cloak)
rCorr   .          Rampage  .   (no gloves)
Will    .....                   (no boots)
Stlth   ..........              h - amulet of guardian spirit
HPRegen 0.12/turn               (no ring)
MPRegen 0.09/turn               (no ring)

@: no status effects
A: hooves 1, powered by pain 2
a: no special abilities


You were on level 2 of the Dungeon.
You visited 1 branch of the dungeon, and saw 2 of its levels.

You collected 52 gold pieces.

Inventory:

Hand Weapons
 a - a +0 long sword (weapon)
Missiles
 i - 3 silver javelins (quivered)
Armour
 b - a +0 scale mail (worn)
 c - a +0 buckler (worn)
Jewellery
 h - an amulet of guardian spirit (around neck)
Scrolls
 e - 2 scrolls of enchant armour {unknown}
 g - a scroll of brand weapon {unknown}
 l - a scroll of enchant weapon {unknown}
 m - a scroll of fear {unknown}
 n - a scroll of fog {unknown}
 o - 2 scrolls of identify {unknown}
Potions
 d - 2 potions of might
 f - a potion of flight {unknown}
 j - a potion of haste {unknown}
 k - a potion of berserk rage {unknown}
 p - a potion of lignification {unknown}


   Skills:
 + Level 3.6 Fighting
 + Level 2.6 Long Blades
 + Level 3.3 Armour
 + Level 3.2 Shields


You had 3 spell levels left.
You didn't know any spells.
Your spell library contained the following spells:

 Spells                   Type           Power      Damage    Failure   Level
 Ozocubu's Armour         Ice            0%         N/A       99%         3
 Metabolic Englaciation   Hex/Ice        0%         N/A       100%        5
 Simulacrum               Ice/Necr       0%         N/A       100%        6


Dungeon Overview and Level Annotations

Branches:
Dungeon (2/15)

Altars:

Shops:
D:2 **


Innate Abilities, Weirdness & Mutations

You have large cloven feet.
You sometimes gain power by taking damage.


Message History

There are monsters nearby!
You hit the gnoll. You kick the gnoll, but do no damage.
The gnoll is almost dead.
The gnoll hits you with a +0 whip.
A rat comes into view.
The gnoll hits you with a +0 whip.
You closely miss the gnoll. You kick the gnoll.
You kill the gnoll!
The gnoll closely misses you. The gnoll hits you with a +0 whip.
The gnoll closely misses you. The gnoll hits you but does no damage.
There are monsters nearby!
You are too injured to fight recklessly!
There are monsters nearby!
You are too injured to fight recklessly!
You barely miss the gnoll. The gnoll hits you but does no damage.
The gnoll attacks as you move away! The gnoll hits you with a +0 whip.
* * * LOW HITPOINT WARNING * * *
You hit the gnoll. You kick the gnoll.
The gnoll is moderately wounded.
The gnoll misses you.
You hit the gnoll. You kick the gnoll, but do no damage.
The gnoll is heavily wounded.
The gnoll hits you but does no damage. You block the gnoll's attack.
You hit the gnoll.
The gnoll is almost dead.
The gnoll barely misses you. You block the gnoll's attack.
The gnoll hits you from afar with a +0 spear.
* * * LOW HITPOINT WARNING * * *
The gnoll hits you with a +0 whip.
* * * LOW HITPOINT WARNING * * *
You slash the gnoll!
You kill the gnoll!
The gnoll hits you but does no damage.
The gnoll hits you from afar with a +0 halberd.
* * * LOW HITPOINT WARNING * * *
The gnoll barely misses you.
You see here a +0 whip.
You hit the gnoll but do no damage. You kick the gnoll, but do no damage.
The gnoll hits you from afar with a +0 halberd!
You die...

.## ..... ..#####.. ....
........# ... ...###### ..
# #......## . #. .#
#...##..#.# #.## 8#
....###...# #rg# ..#
PPP.#.....# ##g##.#
.∩....# .#####.@..#
.P...## ....###.#######
...).# #...........##
###..# ##...........>##
##...# #..)...........#
...#.## ##..............#
..##..####...............#
#.....^<................<#
###......................#


You could see 2 gnolls and a rat.

Vanquished Creatures
  2 adders (D:2)
  3 gnolls (D:2)
  A dart slug (D:1)
  5 endoplasms (D:1)
  3 giant cockroaches (D:1)
  6 goblins (D:1)
  2 hobgoblins (D:1)
  9 jackals
  4 kobolds
  2 quokkas (D:1)
  3 ball pythons (D:1)
  5 bats (D:1)
  2 frilled lizards (D:1)
47 creatures vanquished.

Notes
Turn   | Place    | Note
-------+----------+-------------------------------------------
     0 | D:1      | BritishOli the Demonspawn Fighter began the quest for the
                  | Orb.
     0 | D:1      | Reached XP level 1. HP: 18/18 MP: 1/1
   194 | D:1      | Discovered your monstrous ancestry.
   194 | D:1      | Gained mutation: You have large cloven feet. [demonic
                  | ancestry]
   194 | D:1      | Reached XP level 2. HP: 22/24 MP: 2/2
   202 | D:1      | Found a faded altar of an unknown god.
   525 | D:1      | Gained mutation: You sometimes gain a little power by
                  | taking damage. [demonic ancestry]
   525 | D:1      | Reached XP level 3. HP: 18/29 MP: 3/3
   735 | D:1      | You fall into a shaft and drop 1 floor!
   776 | D:2      | Found Bianeate's General Store.
   825 | D:2      | Found Mopemyss's Assorted Antiques.
  1182 | D:1      | Gained mutation: You sometimes gain power by taking damage.
                  | [demonic ancestry]
  1182 | D:1      | Reached XP level 4. HP: 35/35 MP: 4/4
  1581 | D:2      | Slain by a gnoll

Illustrated notes

Levels and vault maps discovered:
D:1:      minmay_arrival_split_and_join, layout_rooms,
          ebering_ecumenical_altar_box
D:2:      layout_rooms, serial_shops, shop_statue,
          nicolae_shop_overgrown_old_shop, nicolae_shop_stone,
          chequers_hall_statues_wall_a

Skill      XL: |  1  2 |
---------------+-------+-----
Long Blades    | 2 |  2.6
Armour         | 3 |  3.3
Shields        | 3 |  3.2
Fighting       | |  3.6

Action                   |  1- 3 |  4- 6 || total
-------------------------+-------+-------++-------
Melee: Long sword        |   111 |    33 ||   144
       Kick              |    18 |     8 ||    26
Armor: Scale mail        |    75 |    19 ||    94
Dodge: Dodged            |    83 |    25 ||   108
Block: Buckler           |    49 |    14 ||    63

Table legend: (Time is in decaauts)
 A = Elapsed time spent in this place.
 B = Non-inter-level travel time spent in this place.
 C = Inter-level travel time spent in this place.
 D = Time resting spent in this place.
 E = Time spent auto-exploring this place.
 F = Levels seen in this place.
 G = Mean time per level.
                   A        B        C        D        E       F      G
               +--------+--------+--------+--------+--------+-----+--------+
         Total |   1628 |   1605 |     23 |    153 |   1107 |   2 |  814.0 |
       Dungeon |   1628 |   1605 |     23 |    153 |   1107 |   2 |  814.0 |
               +--------+--------+--------+--------+--------+-----+--------+

Top non-repeatable levels by time:
     D:1: 1406 daAuts
     D:2: 221 daAuts
